 Dungeon Crawl Stone Soup version 0.31.0-4-g52a2dc7128 (webtiles) character file.

Game seed: 11143287236167767485

483 BigPumpCobain the Ruffian (level 6, -6/61 HPs)
             Began as a Troll Fighter on Jan 22, 2024.
             Killed from afar by an acid dragon (11 damage)
             ... with a splash of acid
             ... on level 5 of the Dungeon.
             The game lasted 00:04:21 (2841 turns).

BigPumpCobain the Ruffian (Troll Fighter)           Turns: 2841, Time: 00:04:21

Health: -6/61      AC:  3    Str: 27    XL:     6   Next: 88%
Magic:  5/5        EV:  9    Int:  4    God:
Gold:   258        SH:  8    Dex:  9    Spells: 5/5 levels left

rFire   . .          .
                       - Unarmed
rCold   . . .        b - +0 kite shield
rNeg    . . .        a - +0 robe
rPois   .            (helmet restricted)
rElec   .            f - +2 cloak
rCorr   .            (gloves unavailable)
SInv    .            (boots unavailable)
Will    .....        (no amulet)
Stlth   +            (no ring)
HPRegen 1.10/turn    (no ring)
MPRegen 0.09/turn

%: no passive effects
@: mighty, corroded
A: large, unfitting armour, claws 3, regeneration 1, shaggy fur 1, tough skin 1
a: no special abilities


You were on level 5 of the Dungeon.
You visited 1 branch of the dungeon, and saw 5 of its levels.

You collected 258 gold pieces.

Inventory:

Missiles
 k - a throwing net (quivered)
 s - 2 boomerangs
Armour
 a - a +0 robe (worn)
 b - a +0 kite shield (worn)
 f - a +2 cloak (worn)
 m - a +0 tower shield
Scrolls
 e - 2 scrolls of teleportation
 h - a scroll of enchant armour {unknown}
 j - 2 scrolls of identify {unknown}
 o - a scroll of revelation {unknown}
 q - a scroll of blinking {unknown}
 r - a scroll of fear {unknown}
 t - a scroll of amnesia {unknown}
Potions
 d - 3 potions of heal wounds {unknown}
 g - a potion of lignification {unknown}
 i - a potion of brilliance {unknown}
 l - a potion of haste {unknown}
 n - a potion of mutation {unknown}
 p - a potion of resistance {unknown}


   Skills:
 + Level 3.5 Fighting
 + Level 3.6 Dodging
 + Level 3.9 Shields
 * Level 4.9 Unarmed Combat


You had 5 spell levels left.
You didn't know any spells.
Your spell library contained the following spells:

 Spells                   Type           Power      Damage    Failure   Level
 Shock                    Conj/Air       0%         1d3       75%         1
 Cigotuvi's Dreadful Rot  Necr/Alch/Air  0%         N/A       86%         2
 Swiftness                Air            0%         N/A       98%         3
 Airstrike                Air            0%         2d(0-16)  100%        4
 Ignite Poison            Fire/Alch      0%         N/A       100%        4
 Freezing Cloud           Conj/Ice/Air   0%         6-21      100%        5


Dungeon Overview and Level Annotations

Branches:
Dungeon (5/15)
 Temple: D:4-7

Altars:
Ashenzari
Fedhas
Ru
Sif Muna
Yredelemnul

Shops:
D:3 (   D:4 =


Innate Abilities, Weirdness & Mutations

You are too large for most types of armour.
You have claws for hands.
Your natural rate of healing is unusually fast.
You are covered in fur. (AC +1)
You have tough skin. (AC +1)


Message History

You are too injured to fight recklessly!
You are too injured to fight recklessly!
You are too injured to fight recklessly!
You are too injured to fight recklessly!
You are too injured to fight recklessly!
You are too injured to fight recklessly!
You are too injured to fight recklessly!
You feel very mighty all of a sudden. The acid dragon closely misses you.
The acid dragon misses you.
You closely miss the acid dragon.
The acid dragon is moderately wounded.
The acid dragon spits acid at you. The splash of acid hits you!
* * * LOW HITPOINT WARNING * * *
The acid corrodes you!
You claw the acid dragon!
The acid dragon is severely wounded.
The acid dragon bites you.
* * * LOW HITPOINT WARNING * * *
You block the acid dragon's attack.
You closely miss the acid dragon.
The acid dragon is severely wounded.
The acid dragon barely misses you. The acid dragon claws you.
* * * LOW HITPOINT WARNING * * *
You barely miss the acid dragon.
The acid dragon is severely wounded.
The acid dragon bites you!
* * * LOW HITPOINT WARNING * * *
You block the acid dragon's attack.
You closely miss the acid dragon.
The acid dragon is severely wounded.
The acid dragon bites you.
* * * LOW HITPOINT WARNING * * *
The acid dragon claws you.
* * * LOW HITPOINT WARNING * * *
You claw the acid dragon!
The acid dragon is almost dead.
The acid dragon spits acid at you. The splash of acid hits you!
You die...

.......#.#
..._.....#
.......#.###
.......#...## #.
#.....##....####.#.
###.## #.##.#....#.
... ...##...# ###
#...##>.##
###.##@.# #...D.#
#..........
.............
###.....#.#.##
#..##.....# #..
#.#.#.# #.. #......


You could see an acid dragon (catching breath).

Vanquished Creatures
  A black bear (D:4)
  2 bombardier beetles
  A hound (D:4)
  2 orc priests
  An orc wizard (D:4)
  6 gnolls
  2 adders
  2 river rats (D:3)
  2 ribbon worms (D:3)
  5 dart slugs
  10 orcs
  7 ball pythons
  7 bats
  7 endoplasms
  4 giant cockroaches
  5 goblins
  6 hobgoblins
  5 jackals (D:1)
  3 quokkas
  2 frilled lizards (D:2)
  7 kobolds
  8 rats
95 creatures vanquished.

Notes
Turn   | Place    | Note
-------+----------+-------------------------------------------
     0 | D:1      | BigPumpCobain the Troll Fighter began the quest for the
                  | Orb.
     0 | D:1      | Reached XP level 1. HP: 22/22 MP: 0/0
   104 | D:1      | Reached XP level 2. HP: 29/29 MP: 1/1
   505 | D:1      | Reached XP level 3. HP: 36/36 MP: 2/2
  1031 | D:2      | Reached skill level 3 in Unarmed Combat
  1229 | D:2      | Reached XP level 4. HP: 30/44 MP: 3/3
  1468 | D:3      | Found a shimmering blue altar of Sif Muna.
  1504 | D:3      | Found Mikecanu's Weapon Emporium.
  1504 | D:3      | Noticed a +0 demon blade
  1505 | D:3      | Noticed a +0 great mace
  1648 | D:3      | Reached XP level 5. HP: 51/53 MP: 4/4
  2043 | D:3      | Found a glowing drain.
  2113 | D:4      | Reached skill level 4 in Unarmed Combat
  2161 | D:4      | Found Laxkeo Qugo's Jewellery Shoppe.
  2229 | D:4      | Found a sacrificial altar of Ru.
  2287 | D:4      | Reached XP level 6. HP: 16/61 MP: 5/5
  2458 | D:4      | Found a basalt altar of Yredelemnul.
  2458 | D:4      | Found a blossoming altar of Fedhas.
  2724 | D:5      | Entered Level 5 of the Dungeon
  2820 | D:5      | Found a broken altar of Ashenzari.
  2828 | D:5      | Noticed an acid dragon
  2841 | D:5      | Killed from afar by an acid dragon

Illustrated notes

Levels and vault maps discovered:
D:1:      psy_arrival_basics, layout_basic, corexii_corridor_pit,
          minmay_tetromino_s4
D:2:      layout_loops_cross
D:3:      layout_basic, mainiacjoe_overflow_small_starburst, serial_shops,
          nicolae_shop_mannequins, serial_forest, infiniplex_forest_straight_3,
          infiniplex_forest_end_double, infiniplex_forest_lined_3,
          infiniplex_forest_lined_3, infiniplex_forest_lined_room_2,
          infiniplex_forest_lined_room_2, portal_sewer_entry_b
D:4:      layout_gridville, hangedman_ru_absence,
          gammafunk_temple_overflow_elements, serial_shops,
          nicolae_shop_gibbet_a_chance, chequers_serial_rivers_micro_a,
          kennysheep_orc_chapel
D:5:      minmay_thick_lines, layout_layer_cave, old_standard_altar,
          serial_co_window_serial, co_window_of_opportunity_a,
          co_window_of_opportunity_a, co_window_corner_a, co_window_corner_a,
          co_window_corner_a, co_window_paths_a, co_window_corner_b,
          co_window_corner_cb, co_window_paths_c, co_window_of_opportunity_c,
          co_window_of_opportunity_b, co_window_paths_e, glass_columns_a,
          glass_columns_c, glass_columns_a, glass_columns_a, glass_columns_a,
          uniq_pikel

Skill      XL: |  1  2  3  4  5 |
---------------+----------------+-----
Shields        | 3 |  3.9
Unarmed Combat | 3 4 |  4.9
Fighting       | 3 |  3.5
Dodging        | 3 |  3.6

Action                     |  1- 3 |  4- 6 || total
---------------------------+-------+-------++-------
  Melee: Unarmed           |   116 |   163 ||   279
    Use: Scroll            |     1 |       ||     1
         Potion            |       |     1 ||     1
   Stab: Sleeping          |     1 |       ||     1
 Armour: Robe              |    86 |    99 ||   185
  Dodge: Dodged            |    46 |    59 ||   105
  Block: Kite shield       |    45 |    85 ||   130
